Map: 백워터 - 래더

Players

solpl - Winner!

  • Race: Protoss Protoss
  • League: Diamond
  • Spawn Location: 11:00

ZerOs

  • Race: Terran Terran
  • League: Diamond
  • Spawn Location: 5:00

VOD

Have the link to the VOD?

Description

P vs T
4추적자
예언자
돌진 광전사 콤보

Time

  • Played on: Feb. 5, 2018, 6:55 a.m.
  • Length: 7:36
Show
View Real Time Build Order
Export as new Build Order

solpl Protoss - Winner!

Build Orders: Oracle Opening 

Get SALT Encoding   

  12  0:00  Probe  
  13  0:12  Probe  
  14  0:17  Pylon  
  14  0:25  Probe  
  15  0:37  Probe (Chrono Boost)  
  15  0:38  Gateway  
  16  0:46  Probe (Chrono Boost)  
  16  0:48  Assimilator  
  17  0:51  Probe (Chrono Boost)  
  17  0:57  Assimilator  
  18  1:03  Probe (Chrono Boost)  
  20  1:11  Probe (Chrono Boost)  
  20  1:15  Gateway  
  20  1:17  Probe  
  21  1:27  Cybernetics Core  
  21  1:31  Probe  
  22  1:39  Pylon  
  22  1:43  Probe  
  23  1:57  Probe  
  24  2:03  Stalker x2  
  24  2:04  Warp Gate  
  28  2:14  Probe  
  29  2:27  Pylon  
  29  2:33  Stalker  
  29  2:35  Stargate  
  31  2:45  Stalker  
  33  3:10  Nexus  
  33  3:16  Oracle (Chrono Boost)  
  36  3:24  Probe, Pylon  
  37  3:36  Probe  
  38  3:43  Oracle (Chrono Boost)  
  41  3:49  Probe  
  42  4:02  Probe, Twilight Council  
  43  4:04  Forge  
  43  4:14  Probe  
  44  4:27  Probe (Chrono Boost)  
  45  4:35  Probe (Chrono Boost)  
  46  4:38  Charge (Chrono Boost)  
  46  4:42  Protoss Ground Weapons Level 1 (Chrono Boost)  
  46  4:44  Probe (Chrono Boost)  
  46  4:45  Probe (Chrono Boost)  
  48  4:50  Probe (Chrono Boost)  
  48  4:51  Probe (Chrono Boost)  
  50  4:55  Gateway  
  50  4:57  Gateway  
  50  5:01  Probe  
  50  5:03  Probe  
  52  5:11  Gateway  
  52  5:13  Gateway  
  52  5:16  Gateway  
  52  5:24  Gateway  
  52  5:31  Probe  
  52  5:32  Probe  
  52  5:34  Pylon  
  54  5:39  Pylon  
  54  5:40  Pylon  
  54  5:43  Pylon x2  
  54  5:48  Zealot x2  
  58  5:50  Assimilator  
  58  6:02  Pylon  
  58  6:05  Zealot  
  58  6:06  Zealot  
  62  6:14  Zealot x3  
  62  6:15  Zealot  
  70  6:19  Zealot x2  
  74  6:31  Zealot x2  
  78  6:36  Zealot x3  
  78  6:39  Sentry  
  86  6:40  Sentry  
  86  6:44  Zealot  
  90  6:53  Zealot  
  90  6:54  Zealot  
  85  7:09  Zealot x5  
  85  7:14  Templar Archives  
Show
View Real Time Build Order
Export as new Build Order

ZerOs Terran 

Build Orders: MMM Bio 

Get SALT Encoding   

  12  0:01  SCV  
  13  0:13  SCV  
  14  0:20  Supply Depot  
  14  0:25  SCV  
  15  0:30  Refinery  
  15  0:43  Barracks  
  15  0:46  SCV  
  16  0:59  SCV  
  17  1:13  SCV  
  18  1:25  SCV  
  19  1:38  Barracks Reactor  
  19  1:40  Orbital Command  
  19  1:43  Supply Depot  
  19  1:49  Barracks  
  19  1:52  Refinery  
  19  2:14  Marine x2  
  21  2:16  SCV  
  22  2:33  Marine x2  
  22  2:35  Bunker  
  24  2:40  SCV  
  24  2:43  Barracks Tech Lab  
  24  2:52  Supply Depot, SCV  
  24  2:53  Marine x2  
  27  3:01  Marauder  
  27  3:02  Concussive Shells  
  29  3:09  SCV  
  30  3:27  Command Center  
  30  3:36  SCV, Engineering Bay  
  30  3:40  Marauder  
  33  3:41  Marine  
  33  3:45  Marine  
  34  4:00  Stimpack  
  34  4:02  Marauder, Marine  
  37  4:03  Marine  
  37  4:20  Missile Turret  
  34  4:35  SCV  
  34  4:38  Missile Turret  
  35  4:39  Orbital Command  
  35  4:41  Missile Turret  
  35  4:47  SCV  
  35  4:49  Marauder  
  35  4:50  Marine  
  39  4:55  Marine  
  40  5:05  SCV  
  40  5:06  SCV  
  42  5:18  SCV x2  
  44  5:24  Factory  
  44  5:32  SCV x2  
  44  5:34  Terran Infantry Weapons Level 1  
  46  5:38  Marauder  
  46  5:39  Marine x2  
  50  5:44  SCV x2  
  52  5:56  SCV x2  
  54  6:00  Supply Depot x2  
  54  6:03  Combat Shields  
  54  6:18  Barracks  
  54  6:20  Barracks  
  54  6:21  SCV x2  
  54  6:24  Factory Reactor  
  56  6:27  Marauder, Marine x2  
  56  6:29  Starport  
  60  6:33  SCV x2  
  60  6:37  Supply Depot  
  60  6:38  Supply Depot  
  62  6:48  SCV  
  62  6:51  Marauder, Marine x2  
  52  7:09  Marine x2  
  52  7:12  Marauder  
Tags
 
Add a new tag
Caveats
  • Supply blocks, unpowered buildings, or Contaminate may cause inaccurate times.
  • Supply counts are checked every 10 seconds.